 Dungeon Crawl Stone Soup version 0.28-a0-1567-g1695149f81 (webtiles) character file.

Game seed: 9711450945861400552

20 parzival7114810 the Covered (level 2, 27/27 HPs)
             Began as a Minotaur Fighter on Jan 19, 2022.
             Got out of the dungeon alive.
             The game lasted 00:00:59 (1383 turns).

parzival7114810 the Covered (Minotaur Fighter)      Turns: 1383, Time: 00:00:59

Health: 27/27      AC:  7    Str: 20    XL:     2   Next: 58%
Magic:  1/1        EV:  9    Int:  5    God:
Gold:   57         SH:  4    Dex:  9    Spells: 1/1 levels left

rFire   . . .      SeeInvis .     - Unarmed
rCold   . . .      Faith    .   b - +0 buckler
rNeg    . . .      Spirit   .   a - +0 scale mail
rPois   .          Reflect  .   (helmet restricted)
rElec   .          Harm     .   (no cloak)
rCorr   .          Rampage  .   (no gloves)
Will    .....                   (no boots)
Stlth   ..........              (no amulet)
HPRegen 0.09/turn               (no ring)
MPRegen 0.07/turn               (no ring)

@: no status effects
A: horns 2, retaliatory headbutt
a: no special abilities


You escaped.
You visited 1 branch of the dungeon, and saw 1 of its levels.

You collected 57 gold pieces.

Inventory:

Armour
 a - a +0 scale mail (worn)
 b - a +0 buckler (worn)
Scrolls
 d - 3 scrolls of identify {unknown}
 e - a scroll of torment {unknown}
Potions
 c - a potion of might
 f - a potion of curing {unknown}


   Skills:
 + Level 3.9 Fighting
 + Level 3.9 Armour
 + Level 3.9 Shields
 + Level 2.6 Unarmed Combat


You had one spell level left.
You didn't know any spells.
Your spell library contained the following spells:

 Spells                   Type           Power      Damage    Failure   Level
 Tukima's Dance           Hex            0%         N/A       99%         3
 Anguish                  Hex/Necr       0%         N/A       100%        4
 Enfeeble                 Hex            0%         N/A       100%        7


Dungeon Overview and Level Annotations

Branches:
Dungeon (1/15)

Altars:


Innate Abilities, Weirdness & Mutations

You have a pair of horns on your head.
You reflexively headbutt those who attack you in melee.


Message History

You barely miss the dart slug.
The dart slug is severely wounded.
You block the dart slug's attack.
You hit the dart slug.
You kill the dart slug!
You barely miss the endoplasm. The endoplasm freezes you.
You are frozen.
You barely miss the endoplasm. You block the endoplasm's attack.
You hit the endoplasm. You headbutt the endoplasm.
You kill the endoplasm!
d - 3 scrolls labelled JOYFYC MOCK (gained 1)
You open the door.
A kobold comes into view. It is wielding a +0 club.
The kobold shouts!
You hit the kobold but do no damage. Your headbutt misses the kobold.
The kobold hits you with a +0 club.
You closely miss the kobold. You headbutt the kobold.
You kill the kobold!
Found a robe.
There is an open door here.
Things that are here:
a +0 club; a stone As you open the door, it creaks loudly!
There is an open door here.
Things that are here:
a +0 club; a stone You now have 57 gold pieces (gained 11).
Done exploring.
Done exploring.
Done exploring.
Done exploring.
You start waiting.
Done waiting.
You see here 24 arrows.
You see here 24 arrows.
There is a staircase leading out of the dungeon here.
You can't go down here!
Are you sure you want to leave the Dungeon?
This will make you lose the game!
You have escaped!

## #...........# #.#.#.#
.# #...........# #.....#
.# #.8..8.8..8.# ###...#
.##### #...........#
##..# .....#
#...........# #... .....#
#...........# ###...
.....######...........#
#.....
..........#...........###
#.....
.....####.......@.....(.#
#..#.. .....#
###...........#.####...#.
.....#
#...........#...###..#.
.....#
#...........#.#.....)#.
.....#
#...........#.#.####.##
######
#...........#.#.#....##
#.8..8.8..8.#.###.#####
#...........#.....##...
#.......รท...########.##


There were no monsters in sight!

Vanquished Creatures
  A dart slug (D:1)
  2 endoplasms (D:1)
  A giant cockroach (D:1)
  2 goblins (D:1)
  A hobgoblin (D:1)
  3 ball pythons (D:1)
  A bat (D:1)
  4 kobolds (D:1)
  2 rats (D:1)
17 creatures vanquished.

Notes
Turn   | Place    | Note
-------+----------+-------------------------------------------
     0 | D:1      | parzival7114810 the Minotaur Fighter began the quest for
                  | the Orb.
     0 | D:1      | Reached XP level 1. HP: 19/19 MP: 0/0
   417 | D:1      | Reached XP level 2. HP: 5/27 MP: 1/1
   903 | D:1      | Found a faded altar of an unknown god.
  1383 | D:$      | Got out of the dungeon alive.

Illustrated notes

Levels and vault maps discovered:
D:1:      giann_forest_graveyard, layout_basic, chequers_ecumenical_altar_island

Action                   || total
-------------------------++-------
Melee: Unarmed           ||    36
       Headbutt          ||     6
Armor: Scale mail        ||    10
Dodge: Dodged            ||    22
Block: Buckler           ||     8

Table legend: (Time is in decaauts)
 A = Elapsed time spent in this place.
 B = Non-inter-level travel time spent in this place.
 C = Inter-level travel time spent in this place.
 D = Time resting spent in this place.
 E = Time spent auto-exploring this place.
 F = Levels seen in this place.
 G = Mean time per level.
                   A        B        C        D        E       F      G
               +--------+--------+--------+--------+--------+-----+--------+
         Total |   1385 |   1302 |     83 |    659 |    501 |   1 | 1385.0 |
       Dungeon |   1385 |   1302 |     83 |    659 |    501 |   1 | 1385.0 |
               +--------+--------+--------+--------+--------+-----+--------+

Top non-repeatable levels by time:
     D:1: 1385 daAuts
